TOP OF THE 1ST |
Yellowknife Claws batting - Pitching for Pittsburgh Killa Beez : RHP Francisco Ramírez
|
Pitching: RHP Francisco Ramírez
|
|
Batting: RHB Sergio Ortíz
|
0-0: Ball 1-0: Ball 2-0: Ball 3-0: Base on Balls
|
Batting: RHB Preston Church
|
0-0: Foul Ball, location: 2F 0-1: Fly out, F9 (Flyball, 9LS)
|
Batting: RHB Rubén Palma
|
0-0: Ball 1-0: Foul Ball, location: 2F 1-1: Called Strike 1-2: Foul Ball, location: 2F 1-2: Ball 2-2: Ball 3-2: Base on Balls Sergio Ortíz to second
|
Batting: SHB Júlio Ayala
|
0-0: Called Strike 0-1: SINGLE (Line Drive, 8LS) Sergio Ortíz to third Rubén Palma to second Runner from 3rd tries for Home, throw and OUT!
|
Batting: RHB César García
|
0-0: Foul Ball, location: 2F 0-1: Called Strike 0-2: Ball 1-2: Foul Ball, location: 2F 1-2: SINGLE (Flyball, 9LS) Rubén Palma to third Júlio Ayala to second Runner from 3rd tries for Home, SAFE, no throw
|
Batting: RHB Noah Sturges
|
0-0: Ball 1-0: Ball 2-0: Ball 3-0: Base on Balls Júlio Ayala to third César García to second
|
Batting: RHB Mario Díaz
|
0-0: Fielders Choice at 2nd, U6 (Groundball, 6M)
|
Top of the 1st over - 1 run(s), 2 hit(s), 0 error(s), 3 left on base; Yellowknife 1 - Pittsburgh 0 |
BOTTOM OF THE 1ST |
Pittsburgh Killa Beez batting - Pitching for Yellowknife Claws : RHP Daniel Monares
|
Pitching: RHP Daniel Monares
|
|
Batting: RHB Inęs Kappes
|
0-0: Ball 1-0: Ground out 5-3 (Groundball, 56S)
|
Batting: RHB Jesús García
|
0-0: Called Strike 0-1: Ball 1-1: Foul Ball, location: 2F 1-2: TRIPLE (Flyball, 9LD)
|
Batting: LHB Carlos Gutiérrez
|
0-0: Called Strike 0-1: Ball 1-1: Ball 2-1: Ball 3-1: Foul Ball, location: 2F 3-2: Fly out, F7 (Flyball, 7S)
|
Batting: RHB José Deleón
|
0-0: Called Strike 0-1: Swinging Strike 0-2: Foul Ball, location: 2F 0-2: Ground out U3 (Groundball, 3)
|
Bottom of the 1st over - 0 run(s), 1 hit(s), 0 error(s), 1 left on base; Yellowknife 1 - Pittsburgh 0 |
TOP OF THE 2ND |
Yellowknife Claws batting - Pitching for Pittsburgh Killa Beez : RHP Francisco Ramírez
|
Batting: RHB Bob Bishop
|
0-0: Ball 1-0: Foul Ball, location: 2F 1-1: Ball 2-1: Foul Ball, location: 2F 2-2: Foul Ball, location: 2F 2-2: Fly out, F4 (Popup, 4S)
|
Batting: RHB Jeff Benson
|
0-0: Swinging Strike 0-1: Ball 1-1: Swinging Strike 1-2: Strikes out looking
|
Batting: RHB Sergio Ortíz
|
0-0: Called Strike 0-1: Ground out 4-3 (Groundball, 4)
|
Top of the 2nd over - 0 run(s), 0 hit(s), 0 error(s), 0 left on base; Yellowknife 1 - Pittsburgh 0 |
BOTTOM OF THE 2ND |
Pittsburgh Killa Beez batting - Pitching for Yellowknife Claws : RHP Daniel Monares
|
Batting: LHB António Bonaccorsi
|
0-0: Ground out 4-3 (Groundball, 4)
|
Batting: RHB Jesús Chávez
|
0-0: Called Strike 0-1: Swinging Strike 0-2: Strikes out swinging
|
Batting: LHB Paco Gálvez
|
0-0: Ball 1-0: Ground out 3-1 (Groundball, 34)
|
Bottom of the 2nd over - 0 run(s), 0 hit(s), 0 error(s), 0 left on base; Yellowknife 1 - Pittsburgh 0 |
TOP OF THE 3RD |
Yellowknife Claws batting - Pitching for Pittsburgh Killa Beez : RHP Francisco Ramírez
|
Batting: RHB Preston Church
|
0-0: Ball 1-0: Foul Ball, location: 2F 1-1: Fly out, F4 (Line Drive, 4M)
|
Batting: RHB Rubén Palma
|
0-0: Called Strike 0-1: Ground out U3 (Groundball, 34)
|
Batting: SHB Júlio Ayala
|
0-0: Ground out 3-1 (Groundball, 34)
|
Top of the 3rd over - 0 run(s), 0 hit(s), 0 error(s), 0 left on base; Yellowknife 1 - Pittsburgh 0 |
BOTTOM OF THE 3RD |
Pittsburgh Killa Beez batting - Pitching for Yellowknife Claws : RHP Daniel Monares
|
Batting: LHB Argaw Mwita
|
0-0: Foul Ball, location: 2F 0-1: Ball 1-1: Ball 2-1: Fly out, F7 (Flyball, 78S)
|
Batting: RHB Juan Rodríguez
|
0-0: Ball 1-0: Foul Ball, location: 2F 1-1: Swinging Strike 1-2: Ball 2-2: Foul Ball, location: 2F 2-2: Reached on error, E4 (Groundball, 4)
|
Batting: RHB Inęs Kappes
|
0-0: Called Strike 0-1: Ball 1-1: Ball 2-1: Ball 3-1: Base on Balls Juan Rodríguez to second
|
Batting: RHB Jesús García
|
0-0: 3-RUN HOME RUN (Flyball, 8LXD), Distance : 418 ft
|
Batting: LHB Carlos Gutiérrez
|
0-0: Fly out, F7 (Flyball, 78M)
|
Batting: RHB José Deleón
|
0-0: Called Strike 0-1: Swinging Strike 0-2: Foul Ball, location: 2F 0-2: Ball 1-2: Fly out, F8 (Flyball, 8LM)
|
Bottom of the 3rd over - 3 run(s), 1 hit(s), 1 error(s), 0 left on base; Yellowknife 1 - Pittsburgh 3 |
TOP OF THE 4TH |
Yellowknife Claws batting - Pitching for Pittsburgh Killa Beez : RHP Francisco Ramírez
|
Batting: RHB César García
|
0-0: Called Strike 0-1: Foul Ball, location: 2F 0-2: Ball 1-2: Ball 2-2: Ball 3-2: Foul Ball, location: 2F 3-2: Strikes out swinging
|
Batting: RHB Noah Sturges
|
0-0: Called Strike 0-1: Swinging Strike 0-2: Ball 1-2: Ball 2-2: Ball 3-2: Foul Ball, location: 2F 3-2: Strikes out swinging
|
Batting: RHB Mario Díaz
|
0-0: Ground out 5-3 (Groundball, 56S)
|
Top of the 4th over - 0 run(s), 0 hit(s), 0 error(s), 0 left on base; Yellowknife 1 - Pittsburgh 3 |
BOTTOM OF THE 4TH |
Pittsburgh Killa Beez batting - Pitching for Yellowknife Claws : RHP Daniel Monares
|
Batting: LHB António Bonaccorsi
|
0-0: Ball 1-0: Foul Ball, location: 2F 1-1: Swinging Strike 1-2: Foul Ball, location: 2F 1-2: Ball 2-2: Ball 3-2: Ground out 3-1 (Groundball, 34)
|
Batting: RHB Jesús Chávez
|
0-0: Called Strike 0-1: Ball 1-1: Ball 2-1: Foul Ball, location: 2F 2-2: Fly out, F7 (Line Drive, 7)
|
Batting: LHB Paco Gálvez
|
0-0: Ball 1-0: Fly out, F9 (Flyball, 9LM)
|
Bottom of the 4th over - 0 run(s), 0 hit(s), 0 error(s), 0 left on base; Yellowknife 1 - Pittsburgh 3 |
TOP OF THE 5TH |
Yellowknife Claws batting - Pitching for Pittsburgh Killa Beez : RHP Francisco Ramírez
|
Batting: RHB Bob Bishop
|
0-0: Fly out, F5 (Popup, 56)
|
Batting: RHB Jeff Benson
|
0-0: Ball 1-0: Foul Ball, location: 2F 1-1: Ground out 5-3 (Groundball, 5S)
|
Batting: RHB Sergio Ortíz
|
0-0: SOLO HOME RUN (Flyball, 8RXD), Distance : 423 ft
|
Batting: RHB Preston Church
|
0-0: Called Strike 0-1: Ball 1-1: Called Strike 1-2: Fly out, F3 (Popup, 3L)
|
Top of the 5th over - 1 run(s), 1 hit(s), 0 error(s), 0 left on base; Yellowknife 2 - Pittsburgh 3 |
BOTTOM OF THE 5TH |
Pittsburgh Killa Beez batting - Pitching for Yellowknife Claws : RHP Daniel Monares
|
Batting: LHB Argaw Mwita
|
0-0: Called Strike 0-1: Ball 1-1: Fly out, F8 (Flyball, 8RD)
|
Batting: RHB Juan Rodríguez
|
0-0: Fly out, F7 (Flyball, 78S)
|
Batting: RHB Inęs Kappes
|
0-0: Ground out 1-3 (Groundball, 15S)
|
Bottom of the 5th over - 0 run(s), 0 hit(s), 0 error(s), 0 left on base; Yellowknife 2 - Pittsburgh 3 |
TOP OF THE 6TH |
Yellowknife Claws batting - Pitching for Pittsburgh Killa Beez : RHP Francisco Ramírez
|
Batting: RHB Rubén Palma
|
0-0: Ball 1-0: Ball 2-0: Called Strike 2-1: Swinging Strike 2-2: Foul Ball, location: 2F 2-2: Ground out 3-1 (Groundball, 2R)
|
Batting: SHB Júlio Ayala
|
0-0: Called Strike 0-1: Foul Ball, location: 2F 0-2: Strikes out swinging
|
Batting: RHB César García
|
0-0: TRIPLE (Line Drive, 89M)
|
Pinch Runner at 3rd Armondo Goro:
|
|
Batting: RHB Noah Sturges
|
0-0: Ball 1-0: Ball 2-0: Ball 3-0: Called Strike 3-1: Called Strike 3-2: SINGLE (Line Drive, 4M) Armondo Goro scores
|
Pitching: RHP Rafael Lucero
|
|
Batting: RHB Mario Díaz
|
0-0: Foul Ball, location: 2F 0-1: Ball 1-1: Fly out, F9 (Flyball, 9S)
|
Top of the 6th over - 1 run(s), 2 hit(s), 0 error(s), 1 left on base; Yellowknife 3 - Pittsburgh 3 |
BOTTOM OF THE 6TH |
Pittsburgh Killa Beez batting - Pitching for Yellowknife Claws : RHP Daniel Monares
|
Now in RF: Armondo Goro
|
|
Batting: RHB Jesús García
|
0-0: Foul Ball, location: 2F 0-1: Ball 1-1: Ball 2-1: Foul Ball, location: 2F 2-2: Ground out U3 (Groundball, 34)
|
Batting: LHB Carlos Gutiérrez
|
0-0: Called Strike 0-1: Fly out, F8 (Flyball, 8RM)
|
Batting: RHB José Deleón
|
0-0: Ball 1-0: Ball 2-0: SINGLE (Groundball, 34D)
|
Batting: LHB António Bonaccorsi
|
0-0: Fly out, F8 (Flyball, 8RM)
|
Bottom of the 6th over - 0 run(s), 1 hit(s), 0 error(s), 1 left on base; Yellowknife 3 - Pittsburgh 3 |
TOP OF THE 7TH |
Yellowknife Claws batting - Pitching for Pittsburgh Killa Beez : RHP Rafael Lucero
|
Batting: RHB Bob Bishop
|
0-0: Ball 1-0: Ball 2-0: Swinging Strike 2-1: Called Strike 2-2: Ball 3-2: Strikes out swinging
|
Pinch Hitting: RHB Gerardo Andrade
|
0-0: Called Strike 0-1: Called Strike 0-2: Foul Ball, location: 2F 0-2: Ball 1-2: Strikes out swinging
|
Batting: RHB Sergio Ortíz
|
0-0: Swinging Strike 0-1: Ball 1-1: Ball 2-1: Called Strike 2-2: Foul Ball, location: 2F 2-2: Foul Ball, location: 2F 2-2: Strikes out looking
|
Top of the 7th over - 0 run(s), 0 hit(s), 0 error(s), 0 left on base; Yellowknife 3 - Pittsburgh 3 |
BOTTOM OF THE 7TH |
Pittsburgh Killa Beez batting - Pitching for Yellowknife Claws : RHP Daniel Monares
|
Now in RF: Gerardo Andrade
|
|
Pinch Hitting: RHB William Flores
|
0-0: Ball 1-0: Ball 2-0: Foul Ball, location: 2F 2-1: Foul Ball, location: 2F 2-2: Foul Ball, location: 2F 2-2: Fly out, F6 (Popup, 6)
|
Pitching: LHP Lopes Ambar
|
|
Pinch Hitting: RHB José Mindoro
|
0-0: Called Strike 0-1: Ground out 2-3 (Groundball, 2L)
|
Batting: LHB Argaw Mwita
|
0-0: SINGLE (Line Drive, 6M)
|
Batting: RHB Juan Rodríguez
|
0-0: Fly out, F8 (Flyball, 8RM)
|
Bottom of the 7th over - 0 run(s), 1 hit(s), 0 error(s), 1 left on base; Yellowknife 3 - Pittsburgh 3 |
TOP OF THE 8TH |
Yellowknife Claws batting - Pitching for Pittsburgh Killa Beez : RHP Rafael Lucero
|
Now at SS: José Mindoro
|
|
Now in RF: William Flores
|
|
Batting: RHB Preston Church
|
0-0: Called Strike 0-1: Called Strike 0-2: Ball 1-2: Ball 2-2: Foul Ball, location: 2F 2-2: Strikes out swinging
|
Pinch Hitting: SHB Brock Owens
|
0-0: Swinging Strike 0-1: Ball 1-1: Swinging Strike 1-2: Strikes out swinging
|
Batting: SHB Júlio Ayala
|
0-0: Ball 1-0: Called Strike 1-1: Ground out 3-1 (Groundball, 34)
|
Top of the 8th over - 0 run(s), 0 hit(s), 0 error(s), 0 left on base; Yellowknife 3 - Pittsburgh 3 |
BOTTOM OF THE 8TH |
Pittsburgh Killa Beez batting - Pitching for Yellowknife Claws : LHP Lopes Ambar
|
Now at 2B: Brock Owens
|
|
Pinch Hitting: RHB Salvador Rodríguez
|
0-0: Foul Ball, location: 2F 0-1: Fly out, F5 (Popup, 56S)
|
Batting: RHB Jesús García
|
0-0: Called Strike 0-1: Swinging Strike 0-2: Strikes out looking
|
Batting: LHB Carlos Gutiérrez
|
0-0: Ball 1-0: Foul Ball, location: 2F 1-1: Ball 2-1: Foul Ball, location: 2F 2-2: Ball 3-2: Strikes out swinging
|
Bottom of the 8th over - 0 run(s), 0 hit(s), 0 error(s), 0 left on base; Yellowknife 3 - Pittsburgh 3 |
TOP OF THE 9TH |
Yellowknife Claws batting - Pitching for Pittsburgh Killa Beez : RHP Rafael Lucero
|
Pitching: RHP Alberto Serrano
|
|
Now in CF: Salvador Rodríguez
|
|
Batting: SHB Armondo Goro
|
0-0: Ball 1-0: Ball 2-0: Ball 3-0: Base on Balls
|
Batting: RHB Noah Sturges
|
0-0: Called Strike Armondo Goro steals 2nd base 0-1: Called Strike 0-2: Ball 1-2: Ball 2-2: Ball 3-2: Intentional Walk
|
Pinch Hitting: LHB Anzai Yamaguchi
|
0-0: Ball 1-0: Ball 2-0: DOUBLE (Flyball, 9LM) Armondo Goro scores Noah Sturges to third
|
Batting: RHB Bob Bishop
|
0-0: Called Strike 0-1: Ball 1-1: Swinging Strike 1-2: Strikes out swinging
|
Batting: RHB Gerardo Andrade
|
0-0: Foul Ball, location: 2F 0-1: Ball 1-1: Ball 2-1: SINGLE (Groundball, 6D) Noah Sturges scores Anzai Yamaguchi to third
|
Pitching: RHP Renato Camardiel
|
|
Batting: RHB Sergio Ortíz
|
0-0: Ball 1-0: Foul Ball, location: 2F 1-1: Called Strike 1-2: Foul Ball, location: 2F 1-2: Foul Ball, location: 2F 1-2: SINGLE (Flyball, 9LS) Anzai Yamaguchi scores Gerardo Andrade to second Runner from 2nd tries for 3rd, SAFE, throw made to third
|
Batting: RHB Preston Church
|
0-0: Called Strike Throwing error on steal attempt, E2 Gerardo Andrade scores Sergio Ortíz to third 0-1: Swinging Strike 0-2: Foul Ball, location: 2F 0-2: Strikes out looking
|
Batting: SHB Brock Owens
|
0-0: Ball 1-0: Called Strike 1-1: Called Strike 1-2: Ball 2-2: SINGLE (Line Drive, 9S) Sergio Ortíz scores
|
Batting: SHB Júlio Ayala
|
0-0: Foul Ball, location: 2F 0-1: Foul Ball, location: 2F 0-2: Ball 1-2: Ball 2-2: Ball 3-2: Fly out, F7 (Flyball, 7)
|
Top of the 9th over - 5 run(s), 4 hit(s), 1 error(s), 1 left on base; Yellowknife 8 - Pittsburgh 3 |
BOTTOM OF THE 9TH |
Pittsburgh Killa Beez batting - Pitching for Yellowknife Claws : LHP Lopes Ambar
|
Now at 1B: Adam Carpenter
|
|
Batting: RHB José Deleón
|
0-0: Ball 1-0: Ball 2-0: Ball 3-0: Base on Balls
|
Batting: LHB António Bonaccorsi
|
0-0: Ball 1-0: Ball 2-0: Foul Ball, location: 2F 2-1: Foul Ball, location: 2F 2-2: Foul Ball, location: 2F 2-2: Foul Ball, location: 2F 2-2: Ball 3-2: Base on Balls José Deleón to second
|
Batting: RHB William Flores
|
0-0: Ball 1-0: Called Strike 1-1: DOUBLE (Line Drive, 9LS) José Deleón scores António Bonaccorsi to third Runner from 3rd tries for Home, SAFE, no throw
|
Pitching: RHP Jason Willis
|
|
Batting: RHB José Mindoro
|
0-0: Ground out 4-3 (Groundball, 4MS) William Flores to third
|
Batting: LHB Argaw Mwita
|
0-0: Fly out, F9 (Flyball, 9LM) Runner from 3rd tags up, SCORES, no throw
|
Batting: RHB Juan Rodríguez
|
0-0: Foul Ball, location: 2F 0-1: Ball 1-1: Foul Ball, location: 2F 1-2: Ground out 1-3 (Groundball, P)
|
Bottom of the 9th over - 3 run(s), 1 hit(s), 0 error(s), 0 left on base; Yellowknife 8 - Pittsburgh 6 |
|